Map: Ulrena

Players

Markvart

  • Race: Protoss Protoss
  • League: Silver
  • Spawn Location: 11:00

zidar - Winner!

  • Race: Zerg Zerg
  • League: Silver
  • Spawn Location: 7:00

VOD

Have the link to the VOD?

Description

Time

  • Played on: Feb. 4, 2016, 1:44 p.m.
  • Length: 15:19
Show
View Real Time Build Order
Export as new Build Order

Markvart Protoss 

Build Orders:  

Get SALT Encoding   

  12  0:02  Probe (Chrono Boost)  
  13  0:12  Probe (Chrono Boost)  
  14  0:19  Pylon  
  14  0:23  Probe (Chrono Boost)  
  15  0:38  Probe (Chrono Boost)  
  15  0:42  Forge  
  16  0:48  Probe (Chrono Boost)  
  17  0:59  Probe (Chrono Boost)  
  18  1:06  Gateway  
  18  1:13  Pylon  
  18  1:17  Pylon  
  18  1:30  Pylon  
  18  1:34  Photon Cannon  
  17  1:52  Assimilator  
  17  1:55  Probe (Chrono Boost)  
  18  2:09  Photon Cannon  
  17  2:18  Zealot  
  19  2:33  Probe (Chrono Boost)  
  20  2:47  Photon Cannon  
  20  2:48  Cybernetics Core, Photon Cannon  
  20  2:50  Photon Cannon  
  20  2:56  Zealot  
  20  2:57  Probe (Chrono Boost)  
  22  3:15  Assimilator  
  22  3:16  Probe (Chrono Boost)  
  23  3:32  Gateway  
  23  3:36  Pylon  
  23  3:40  Warp Gate  
  23  3:54  Adept  
  23  3:55  Mothership Core (Chrono Boost)  
  25  4:19  Pylon  
  25  4:21  Adept  
  25  4:38  Protoss Ground Weapons Level 1  
  25  4:39  Probe (Chrono Boost)  
  26  4:57  Adept x2  
  30  5:07  Pylon  
  30  5:11  Pylon  
  30  5:35  Probe (Chrono Boost)  
  31  5:43  Gateway  
  31  5:44  Gateway  
  31  5:45  Probe (Chrono Boost)  
  31  5:47  Gateway  
  24  5:58  Sentry x2  
  28  6:13  Stargate  
  25  6:31  Stalker x2  
  21  6:47  Stalker  
  21  6:49  Stalker x2  
  18  7:03  Probe (Chrono Boost)  
  19  7:23  Probe (Chrono Boost)  
  20  7:34  Probe (Chrono Boost)  
  21  7:44  Probe (Chrono Boost)  
  22  7:55  Probe (Chrono Boost)  
  24  8:05  Probe (Chrono Boost)  
  24  8:16  Probe (Chrono Boost)  
  25  8:32  Nexus  
  25  8:47  Sentry  
  27  8:50  Probe (Chrono Boost)  
  28  9:04  Zealot x2  
  28  9:07  Probe (Chrono Boost)  
  33  9:16  Assimilator  
  31  9:29  Stalker  
  33  9:38  Sentry  
  33  9:41  Probe (Chrono Boost)  
  36  9:50  Sentry  
  38  9:56  Probe (Chrono Boost)  
  38  9:58  Probe (Chrono Boost)  
  40  10:09  Probe (Chrono Boost)  
  40  10:12  Stalker  
  43  10:23  Stalker  
  43  10:26  Probe x2 (Chrono Boost)  
  39  10:55  Stalker x2  
  39  10:56  Stalker  
  45  11:08  Stalker  
  45  11:19  Zealot x3  
  47  11:29  Stalker  
  49  11:33  Probe x2 (Chrono Boost)  
  49  11:38  Sentry  
  53  11:59  Stalker x2  
  47  12:13  Stalker  
  41  12:32  Stalker  
  41  12:34  Zealot  
  41  12:36  Probe x2 (Chrono Boost)  
  47  12:45  Zealot x3  
  47  12:50  Probe (Chrono Boost)  
  54  13:04  Robotics Facility  
  54  13:09  Stalker  
  56  13:30  Stalker x2  
  60  13:44  Zealot  
  62  13:53  Pylon  
  62  13:55  Pylon  
  62  14:06  Pylon  
  62  14:11  Probe x2 (Chrono Boost)  
  62  14:15  Stalker x2  
  68  14:23  Probe x2 (Chrono Boost)  
  62  14:39  Stalker  
  27  15:04  Gateway  
  27  15:06  Gateway  
  14  15:13  Zealot  
Show
View Real Time Build Order
Export as new Build Order

zidar Zerg - Winner!

Build Orders: Pool First 

Get SALT Encoding   

  12  0:01  Drone  
  13  0:12  Overlord  
  13  0:17  Drone  
  14  0:30  Drone  
  14  0:31  Drone  
  14  0:34  Drone  
  17  0:46  Spawning Pool  
  16  0:50  Drone  
  17  1:42  Zergling x2  
  17  1:43  Zergling x4  
  20  1:51  Queen  
  22  2:30  Hatchery  
  22  2:36  Overlord  
  22  2:37  Overlord x2  
  21  2:40  Queen, Extractor  
  21  2:42  Extractor  
  21  3:03  Zergling x6  
  21  3:04  Zergling x2  
  25  3:19  Roach Warren  
  24  3:57  Drone x3  
  24  3:58  Drone x5  
  30  4:20  Drone  
  30  4:21  Drone x8  
  37  4:27  Extractor  
  33  4:42  Roach  
  33  4:43  Roach x3  
  41  4:59  Roach x5  
  50  5:16  Roach  
  52  5:22  Overlord x3  
  52  5:38  Lair  
  52  6:09  Hatchery  
  52  6:10  Evolution Chamber  
  50  6:13  Evolution Chamber  
  31  7:01  Zergling x2  
  31  7:02  Zergling x22  
  31  7:03  Roach x6  
  53  7:21  Overseer  
  53  7:22  Hydralisk Den, Metabolic Boost  
  52  7:35  Queen  
  54  7:39  Overlord  
  54  7:40  Overlord  
  54  7:53  Hydralisk  
  54  7:54  Hydralisk  
  58  8:01  Hydralisk  
  60  8:20  Zerg Missile Weapons Level 1  
  60  8:25  Hydralisk x2  
  64  8:37  Drone  
  64  8:38  Drone x3  
  68  9:03  Drone x8  
  68  9:34  Hydralisk  
  68  9:35  Hydralisk x4  
  68  9:36  Roach  
  68  9:37  Roach  
  82  9:51  Muscular Augments  
  82  9:53  Zerg Ground Armor Level 1  
  82  9:56  Overseer  
  82  10:02  Overseer  
  82  10:05  Drone x6  
  88  10:12  Ravager  
  88  10:13  Ravager  
  90  10:16  Overlord x2  
  89  11:02  Roach  
  89  11:03  Roach x4, Hydralisk x3  
  105  11:32  Overlord x4  
  105  11:33  Overlord  
  92  12:31  Hydralisk  
  92  12:32  Hydralisk x3  
  92  12:33  Roach  
  92  12:34  Roach x13  
  128  12:53  Zerg Ground Armor Level 2  
  128  12:55  Zerg Missile Weapons Level 2  
  128  12:57  Lurker Den  
  128  13:01  Infestation Pit  
  127  13:30  Overseer  
  127  13:40  Hive  
  127  13:47  Ravager  
  127  13:48  Ravager x2  
  130  13:51  Overlord  
  130  13:52  Overlord x4  
Tags
 
Matchup
PvZ
Opening
Pool First
Spawn Locations
Close Positions
Add a new tag
Caveats
  • Supply blocks, unpowered buildings, or Contaminate may cause inaccurate times.
  • Supply counts are checked every 10 seconds.